 Dungeon Crawl Stone Soup version 0.30.0-18-gc0e69614cb (webtiles) character file.

Game seed: 14235472191069799938

39 CaptainMV the Poker (level 3, 0/24 HPs)
             Began as a Demonspawn Wanderer on May 25, 2023.
             Was a Believer of Vehumet.
             Slain by a jackal (3 damage)
             ... on level 2 of the Dungeon.
             The game lasted 00:07:30 (1092 turns).

CaptainMV the Poker (Demonspawn Wanderer)           Turns: 1092, Time: 00:07:31

Health: 0/24       AC:  4    Str: 12    XL:     3   Next: 26%
Magic:  1/4        EV: 11    Int: 12    God:    Vehumet [**....]
Gold:   116        SH:  0    Dex: 15    Spells: 2/4 levels left

rFire   . . .        a - +2 spear
rCold   . . .        (no shield)
rNeg    . . .        e - +0 leather armour
rPois   .            (no helmet)
rElec   .            (no cloak)
rCorr   .            i - +0 pair of gloves
SInv    .            (no boots)
Will    .....        (no amulet)
Stlth   +            (no ring)
HPRegen 0.24/turn    (no ring)
MPRegen 0.09/turn

%: no passive effects
@: very slightly contaminated
A: powered by pain 1
a: Renounce Religion


You were on level 2 of the Dungeon.
You worshipped Vehumet.
Vehumet was pleased with you.
You visited 1 branch of the dungeon, and saw 2 of its levels.

You collected 116 gold pieces.

Inventory:

Hand Weapons
 a - a +2 spear (weapon)
 c - a +0 dagger
Missiles
 b - 10 boomerangs (quivered)
 h - 2 javelins
Armour
 e - a +0 leather armour (worn)
 i - a +0 pair of gloves (worn)
Scrolls
 f - 2 scrolls of immolation {unknown}
 j - a scroll of amnesia {unknown}
Potions
 d - 4 potions of curing
 g - a potion of brilliance {unknown}


   Skills:
 + Level 3.4 Polearms
 + Level 2.0 Throwing
 + Level 1.1 Armour
 + Level 1.2 Dodging
 + Level 1.0 Stealth
 + Level 1.1 Spellcasting
 + Level 0.6 Conjurations
 + Level 1.0 Translocations
 + Level 0.4 Air Magic


You had 2 spell levels left.
You knew the following spells:

 Your Spells              Type           Power      Damage    Failure   Level
a - Apportation           Tloc           6%         N/A       26%         1
b - Shock                 Conj/Air       4%         1d3       30%         1

Your spell library contained the following spells:

 Spells                   Type           Power      Damage    Failure   Level
 Portal Projectile        Hex/Tloc       2%         N/A       67%         3


Dungeon Overview and Level Annotations

Branches:
Dungeon (2/15)

Altars:
Vehumet

Annotations:
D:1 2 runed translucent doors


Innate Abilities, Weirdness & Mutations

You sometimes gain a little power by taking damage.


Message History

You hit the jackal.
You kill the jackal!
Vehumet accepts your kill.
You feel your power returning. The jackal bites you.
The jackal bites you but does no damage.
The jackal bites you.
Casting: Shock (safe; 32% risk of failure)
Confirm with . or Enter, or press ? or * to list all spells.
Aiming: Shock (safe; 32% risk of failure)
Press: ? - help, Shift-Dir - straight line You miscast Shock.
You are very lightly contaminated with residual magic.
Nothing appears to happen.
The jackal misses you.
The jackal bites you but does no damage.
The jackal barely misses you.
You closely miss the jackal. The jackal completely misses you.
The jackal bites you.
You completely miss the jackal.
The jackal bites you but does no damage.
The jackal bites you.
* * * LOW HITPOINT WARNING * * *
You hit the jackal.
The jackal is severely wounded.
The jackal bites you but does no damage.
The jackal completely misses you.
The jackal bites you but does no damage. x2
You hit the jackal but do no damage.
The jackal is severely wounded.
The jackal barely misses you. x2
You hit the jackal.
You kill the jackal!
Vehumet accepts your kill. The jackal closely misses you.
The endoplasm freezes you.
You are frozen.
* * * LOW HITPOINT WARNING * * *
You hit the jackal.
The jackal is almost dead.
The jackal bites you.
You die...

..# ##.. #... #..#
#..# # #..#
#.##Jh######
#...@.......
......#..######
#..# #.###.#..# ..#
#.# #.#..# ..# #.#
#.#..# #.# #.#
#.#..# #.#
#.###.#..# ##.##
##........#
###...###......<..#


You could see an endoplasm and a jackal.

Vanquished Creatures
  2 dart slugs
  2 ball pythons (D:1)
  3 bats
  2 endoplasms (D:1)
  2 goblins (D:1)
  5 hobgoblins (D:1)
  6 jackals
  3 kobolds (D:1)
  A quokka (D:1)
  2 rats (D:1)
28 creatures vanquished.

Notes
Turn   | Place    | Note
-------+----------+-------------------------------------------
     0 | D:1      | CaptainMV the Demonspawn Wanderer began the quest for the
                  | Orb.
     0 | D:1      | CaptainMV set off with the following items: a +2 spear, 10
                  | boomerangs, a +0 dagger, a potion of curing, a +0 leather
                  | armour; and the following spell memorised: Apportation; and
                  | the following spells available to memorise: Portal
                  | Projectile.
     0 | D:1      | Reached XP level 1. HP: 13/13 MP: 2/2
    46 | D:1      | Reached skill level 3 in Polearms
   131 | D:1      | Found a faded altar of an unknown god.
   138 | D:1      | Prayed at the altar of an unknown god.
   138 | D:1      | Became a worshipper of Vehumet
   138 | D:1      | Reached * piety under Vehumet
   138 | D:1      | Offered knowledge of Shock by Vehumet.
   144 | D:1      | Learned a level 1 spell: Shock
   221 | D:1      | Gained mutation: You sometimes gain a little power by
                  | taking damage. [demonic ancestry]
   221 | D:1      | Reached XP level 2. HP: 19/19 MP: 1/3
   840 | D:1      | Found a large runed translucent door.
   841 | D:1      | Found a large runed translucent door.
   880 | D:1      | Reached XP level 3. HP: 22/24 MP: 4/4
  1091 | D:2      | Reached ** piety under Vehumet
  1092 | D:2      | Slain by a jackal

Illustrated notes

Levels and vault maps discovered:
D:1:      erik_arrival_cave_to_civilisation [erik_arrival_cave_to_temple],
          layout_loops_ring, dreamdust_ecumenical_altar_hidden_monk_grotto,
          kennysheep_minor_cross, minmay_misc_feat_five
D:2:      layout_loops_ring, uniq_terence

Skill      XL: |  1  2 |
---------------+-------+-----
Polearms       | 3 |  3.4
Throwing       | 2 |  2.0
Armour         | |  1.1
Dodging        | |  1.2
Stealth        | |  1.0
Spellcasting   | |  1.1
Conjurations   | |  0.6
Translocations | |  1.0
Air Magic      | |  0.4

Action                     || total
---------------------------++-------
  Melee: Spear             ||    84
         Punch             ||     1
  Throw: Boomerang         ||     1
   Cast: Shock             ||    14
   Stab: Sleeping          ||     2
 Armour: Leather armour    ||    42
  Dodge: Dodged            ||    61
